 Dungeon Crawl Stone Soup version 0.30-b1-2-g02819fbbbe (webtiles) character file.

Game seed: 4050176475346585912

166 Alarkh the Insei (level 5, 42/42 HPs)
             Began as a Demonspawn Chaos Knight on May 20, 2023.
             Was a Plaything of Xom.
             Got out of the dungeon alive.
             The game lasted 00:02:51 (2198 turns).

Alarkh the Insei (Demonspawn Chaos Knight)          Turns: 2198, Time: 00:02:52

Health: 42/42      AC:  5    Str: 12    XL:     5   Next: 22%
Magic:  5/5        EV: 11    Int: 12    God:    Xom [*.....]
Gold:   103        SH:  0    Dex: 13    Spells: 4/4 levels left

rFire   + .          .
                       - Unarmed
rCold   + . .        (no shield)
rNeg    + . .        a - +2 leather armour
rPois   .            (no helmet)
rElec   .            (no cloak)
rCorr   .            (no gloves)
SInv    .            (no boots)
Will    .....        (no amulet)
Stlth   +            e - ring "Taph" {Fly rF+ rC+ rN+ Int-5}
HPRegen 0.27/turn    (no ring)
MPRegen 0.09/turn

%: no passive effects
@: flying
A: spiny 1, big brain 1, demonic touch 2
a: Renounce Religion


You escaped.
You worshipped Xom.
You were a special plaything of Xom.
You visited 1 branch of the dungeon, and saw 3 of its levels.

You collected 103 gold pieces.

Inventory:

Armour
 a - a +2 leather armour (worn)
Jewellery
 e - the ring "Taph" (left hand) {Fly rF+ rC+ rN+ Int-5}
   (You acquired it on level 2 of the Dungeon)

   [ring of protection from fire]

   Int:       It affects your intelligence (-5).
   rF:        It protects you from fire.
   rC:        It protects you from cold.
   rN:        It protects you from negative energy.
   Fly:       It grants you flight.
 f - an amulet of the acrobat
Scrolls
 c - 2 scrolls of noise {unknown}
 h - 3 scrolls of teleportation {unknown}
 i - a scroll of immolation {unknown}
 r - a scroll of identify
Potions
 d - 2 potions of might
 g - a potion of haste {unknown}
 j - 2 potions of brilliance {unknown}
 k - 2 potions of curing {unknown}
 l - a potion of heal wounds
Miscellaneous
 b - a piece from Xom's chessboard (15/15) (quivered)


   Skills:
 + Level 4.1 Fighting
 - Level 1.7 Armour
 - Level 0.8 Dodging
 * Level 4.7 Unarmed Combat


You had 4 spell levels left.
You didn't know any spells.
Your spell library contained the following spells:

 Spells                   Type           Power      Damage    Failure   Level
 Frozen Ramparts          Ice            0%         1d1       77%         3
 Ice Form                 Ice/Tmut       0%         N/A       99%         4
 Summon Ice Beast         Ice/Summ       0%         N/A       99%         4


Dungeon Overview and Level Annotations

Branches:
Dungeon (3/15)

Altars:
Ru


Innate Abilities, Weirdness & Mutations

You are partially covered in sharp spines.
You have an unusually large brain. (Int +2)
Your touch may inflict irresistible damage on your foes.


Message History

The orc wizard barely misses you.
You hit the orc wizard.
You kill the orc wizard!
A bat comes into view.
The bat barely misses you.
You barely miss the bat.
You touch the bat.
You kill the bat!
There is a sacrificial altar of Ru here.
The helpless kobold fails to defend itself.
You hit the kobold.
You kill the kobold!
No target in view!
(D) Dungeon
Where to? (Enter - D:3, ? - help)
What level of the Dungeon? (default 1, ? - help)
Things that are here:
a +0 whip of flaming; a stone You reach down and open the door.
There is an open door here.
Things that are here:
a +1 whip of electrocution; 4 stones; a kobold skeleton
Things that are here:
a +0 dagger; a +0 falchion; an orc skeleton
Things that are here:
a +0 dagger; a boomerang; an orc skeleton You see here a +0 ring mail.
There is a stone staircase leading down here.
You see here a +0 dagger.
You see here 7 stones.
There is a stone staircase leading up here.
You fly upwards.
There is a stone staircase leading down here.
There is an open door here.
There is a stone staircase leading up here.
You fly upwards.
There is a stone staircase leading down here.
There is an open door here.
There is a staircase leading out of the dungeon here.
Are you sure you want to leave the Dungeon?
This will make you lose the game!
You have escaped!

### #...##
#.##.##.......... ..#
#....# #######.....#######
#.### #.#.## #...#####..##
....####.#.#♣♣##.##♣P##.##
#.#.#....#..~~~#.#♣~~...#
#.#...###..~~~~~~~~~~..##
..###.......~~~#'#~~~###
### ####....~P##.##♣♣# #
#.#.####.@.# ### ## #...#
#######.# .# ###.###
#.##.#.# .## #.....#
#.##.#.# ..# #.....#
#.#..#.# ..# #.....#
#.#.##.# ..# #.....#
#.#.##.# ### #.....#
#......# #############
####.###


There were no monsters in sight!

Vanquished Creatures
  An orc priest (D:3)
  An orc wizard (D:3)
  A gnoll (D:1)
  3 adders
  A dart slug (D:1)
  11 orcs (D:3)
  8 endoplasms
  3 giant cockroaches
  5 goblins
  3 hobgoblins (D:1)
  A quokka (D:2)
  5 ball pythons
  10 bats
  2 frilled lizards
  5 kobolds
  2 rats
62 creatures vanquished.

Notes
Turn   | Place    | Note
-------+----------+-------------------------------------------
     0 | D:1      | Alarkh the Demonspawn Chaos Knight began the quest for the
                  | Orb.
     0 | D:1      | Reached XP level 1. HP: 18/18 MP: 1/1
   216 | D:1      | Gained mutation: You are partially covered in sharp spines.
                  | [demonic ancestry]
   216 | D:1      | Reached XP level 2. HP: 20/24 MP: 2/2
   458 | D:1      | Gained mutation: Your touch may inflict minor irresistible
                  | damage on your foes. [demonic ancestry]
   458 | D:1      | Reached XP level 3. HP: 29/29 MP: 3/3
   641 | D:1      | XOM: silly message
   813 | D:2      | XOM: cast spell 'Summon Mana Viper'
   864 | D:2      | XOM: summons 2 hostile demons
  1220 | D:2      | Identified a scroll of acquirement
  1227 | D:2      | Acquired the ring "Taph" {Fly rF+ rC+ rN+ Int-5}
  1351 | D:2      | Gained mutation: Your touch may inflict irresistible damage
                  | on your foes. [demonic ancestry]
  1351 | D:2      | Reached XP level 4. HP: 36/37 MP: 4/4
  1702 | D:3      | XOM: silly message
  2075 | D:3      | Found a sacrificial altar of Ru.
  2083 | D:3      | Gained mutation: You have an unusually large brain. (Int
                  | +2) [demonic ancestry]
  2083 | D:3      | Reached XP level 5. HP: 39/42 MP: 5/5
  2198 | D:$      | Got out of the dungeon alive.

Illustrated notes

Levels and vault maps discovered:
D:1:      sevenhm_arrival_forest_fort_small_4, layout_loops_cross,
          corexii_leaking_fountain
D:2:      layout_loops_corners, reono_crystal_passage
D:3:      layout_loops_ring, nicolae_ru_great_annihilating_truth

Skill      XL: |  1  2  3  4 |
---------------+-------------+-----
Unarmed Combat | 3 4 |  4.7
Fighting       | 4 |  4.1
Armour         | |  1.7
Dodging        | |  0.8

Action                     |  1- 3 |  4- 6 || total
---------------------------+-------+-------++-------
  Melee: Unarmed           |   111 |    53 ||   164
         Punch             |     1 |     1 ||     2
         Touch             |     6 |     5 ||    11
    Use: Scroll            |     3 |       ||     3
         Potion            |     1 |       ||     1
   Stab: Sleeping          |     2 |       ||     2
         Paralysed         |       |     1 ||     1
 Armour: Leather armour    |    31 |    12 ||    43
  Dodge: Dodged            |    55 |    24 ||    79
